 Dungeon Crawl Stone Soup version 0.32-a0-876-gcfddb08e57 (webtiles) character file.

Game seed: 3834522691256622631

7 Aldia the Sneak (level 1, -1/10 HPs)
             Began as a Vampire Enchanter on Mar 31, 2024.
             Killed from afar by a dart slug (3 damage)
             ... with a slug dart
             ... on level 1 of the Dungeon.
             The game lasted 00:00:32 (201 turns).

Aldia the Sneak (Vampire Enchanter)                  Turns: 201, Time: 00:00:32

Health: -1/10      AC:  2    Str:  7    XL:     1   Next: 83%
Magic:  3/3        EV: 11    Int: 17    God:
Gold:   26         SH:  0    Dex: 14    Spells: 4/4 levels left

rFire   . . .        a - +1 dagger
rCold   + + .        (no shield)
rNeg    + + +        b - +0 robe
rPois   ∞            (no helmet)
rElec   .            (no cloak)
rCorr   .            (no gloves)
SInv    +            (no boots)
Will    .....        (no amulet)
Stlth   +++++        (no ring)
HPRegen 0.00/turn    (no ring)
MPRegen 0.08/turn

%: no passive effects
@: bloodless, inhibited regen
A: bloodless, fangs 3, see invisible, vampiric 1
a: Revivify


You were on level 1 of the Dungeon.
You visited 1 branch of the dungeon, and saw 1 of its levels.

You collected 26 gold pieces.

Inventory:

Hand Weapons
 a - a +1 dagger (weapon)
Armour
 b - a +0 robe (worn)
Talismans
 e - a granite talisman
Scrolls
 d - 3 scrolls of amnesia {unknown}
 f - a scroll of identify {unknown}
Potions
 c - 3 potions of invisibility


   Skills:
 * Level 1.5 Short Blades
 - Level 2.1 Dodging
 * Level 4.7 Stealth
 - Level 2.0 Spellcasting
 + Level 4.5 Hexes


You had 4 spell levels left.
You didn't know any spells.
Your spell library contained the following spells:

 Spells                   Type           Power      Damage    Failure   Level
 Confusing Touch          Hex            17%        N/A       9%          3
 Tukima's Dance           Hex            17%        N/A       9%          3
 Ensorcelled Hibernation  Hex/Ice        18%        N/A       12%         2
 Dazzling Flash           Conj/Hex       18%        N/A       22%         3


Dungeon Overview and Level Annotations

Branches:
Dungeon (1/15)

Altars:


Innate Abilities, Weirdness & Mutations

You do not regenerate when monsters are visible.
You are frail without blood (-20% HP).
You can heal yourself when you bite living creatures.
You are immune to poison.
You have razor-sharp teeth.
You have supernaturally acute eyesight. (SInv)
You are afflicted with vampirism.


Message History

This altar belongs to (a) Ru, (b) Uskayaw or (c) Wu Jian, but you can't tell which.
Press the corresponding letter to learn more about a god, or press enter to convert or escape to cancel.
Okay, then.
Unknown command.
Press < or > to pray at altars.
You now have 26 gold pieces (gained 4).
A jackal comes into view.
Found 12 gold pieces.
A jackal comes into view.
A dart slug comes into view.
The helpless jackal fails to defend itself.
You bite the jackal, and draw its blood!
You puncture the jackal!
You kill the jackal!
The dart slug launches a dart at you. The slug dart hits you.
You miss the jackal. You bite the jackal, but do no damage.
The jackal bites you. The dart slug launches a dart at you.
The slug dart hits you.
You are too injured to fight recklessly!
You are too injured to fight recklessly!
The jackal bites you but does no damage.
You see here a jackal corpse.
You closely miss the jackal. The jackal misses you. The jackal bites you.
* * * LOW HITPOINT WARNING * * *
You are too injured to fight recklessly!
You are too injured to fight recklessly!
You are too injured to fight recklessly!
You hit the jackal. You bite the jackal.
You draw the jackal's blood!
You feel better.
The jackal is almost dead.
The jackal bites you but does no damage.
You hit the jackal.
You kill the jackal!
You see here a jackal corpse.
The dart slug launches a dart at you. The slug dart misses you.
The dart slug launches a dart at you. The slug dart hits you.
You die...

.... ...... .# ......
.# ...... .# ......
######.### .....#
#........# ....#
#........# #.##
#....w...#
...##########...@....#
.....................#
#...#####.###.†......#
#...# #.# #†.......#
...####.###...$....# #
#........^######.### #
#.####.^_........#
###..###..^.........
.................. ..


You could see a dart slug.

Vanquished Creatures
  A giant cockroach (D:1)
  2 jackals (D:1)
  A kobold (D:1)
  A quokka (D:1)
5 creatures vanquished.

Notes
Turn   | Place    | Note
-------+----------+-------------------------------------------
     0 | D:1      | Aldia the Vampire Enchanter began the quest for the Orb.
     0 | D:1      | Reached XP level 1. HP: 13/13 MP: 3/3
   175 | D:1      | Found a faded altar of an unknown god.
   201 | D:1      | Killed from afar by a dart slug

Illustrated notes

Levels and vault maps discovered:
D:1:      tarquinn_simple_flora_water_c, layout_rooms,
          ebering_ecumenical_altar_webs, dreamdust_mushroom_princess

Action                     || total
---------------------------++-------
  Melee: Dagger            ||    14
         Bite              ||     2
Ability: Exsanguinate      ||     1
   Stab: Sleeping          ||     2
 Armour: Robe              ||    10
  Dodge: Dodged            ||     6

Table legend: (Time is in decaauts)
 A = Elapsed time spent in this place.
 B = Non-inter-level travel time spent in this place.
 C = Inter-level travel time spent in this place.
 D = Time resting spent in this place.
 E = Time spent auto-exploring this place.
 F = Levels seen in this place.
 G = Mean time per level.
                   A        B        C        D        E       F      G
               +--------+--------+--------+--------+--------+-----+--------+
         Total |    200 |    200 |      0 |      0 |    141 |   1 |  200.0 |
       Dungeon |    200 |    200 |      0 |      0 |    141 |   1 |  200.0 |
               +--------+--------+--------+--------+--------+-----+--------+

Top non-repeatable levels by time:
     D:1: 200 daAuts
